 Dungeon Crawl Stone Soup version 0.27-a0-679-g77a6b55cf3 (webtiles) character file.

Game seed: 4102721188640382474

77 Riddle the Covert (level 4, 17/41 HPs)
             Began as a Gnoll Delver on Mar 19, 2021.
             Quit the game on level 1 of the Dungeon.
             The game lasted 00:02:49 (1333 turns).

Riddle the Covert (Gnoll Delver)                    Turns: 1333, Time: 00:02:50

Health: 17/41      AC:  3    Str: 13    XL:     4   Next: 34%
Magic:  5/5        EV: 13    Int:  9    God:
Gold:   9          SH:  0    Dex: 13    Spells: 5/5 levels left

rFire    . . .     SeeInvis .   k - +0 great sword
rCold    . . .     Faith    .   (shield currently unavailable)
rNeg     . . .     Spirit   .   b - +0 leather armour
rPois    .         Reflect  .   (no helmet)
rElec    .         Harm     .   (no cloak)
rCorr    .         Rampage  .   (no gloves)
Will     .....                  (no boots)
Stlth    ++++......             h - amulet of magic regeneration
HPRegen  0.13/turn              (no ring)
MPRegen  0.34/turn              (no ring)

@: no status effects
A: fangs 1, strong nose, distributed training
a: no special abilities


You were on level 1 of the Dungeon.
You visited 1 branch of the dungeon, and saw 5 of its levels.

You collected 9 gold pieces.

Inventory:

Hand Weapons
 a - a +0 spear
 i - a +0 hunting sling
 k - a +0 great sword (weapon)
Missiles
 l - 8 boomerangs (quivered)
Armour
 b - a +0 leather armour (worn)
 j - a +0 pair of boots
Jewellery
 h - an amulet of magic regeneration (around neck)
 q - a +6 ring of dexterity
Wands
 g - a wand of digging (3)
Scrolls
 c - a scroll of fog
 d - a scroll of magic mapping
 e - a scroll of fear
 n - a scroll of teleportation {unknown}
Potions
 f - a potion of haste
 m - a potion of flight {unknown}
 o - a potion of attraction {unknown}
 p - a potion of curing {unknown}


   Skills:
 + Level 6.6 Fighting
 + Level 1.1 Short Blades
 + Level 1.1 Long Blades
 + Level 1.1 Axes
 + Level 1.1 Maces & Flails
 + Level 4.6 Polearms
 + Level 1.1 Staves
 + Level 1.1 Slings
 + Level 1.1 Bows
 + Level 1.1 Crossbows
 + Level 1.1 Throwing
 + Level 1.1 Armour
 + Level 4.6 Dodging
 + Level 9.6 Stealth
 + Level 1.1 Shields
 + Level 1.1 Unarmed Combat
 + Level 1.1 Spellcasting
 + Level 0.8 Conjurations
 + Level 0.8 Hexes
 + Level 0.8 Summonings
 + Level 0.8 Necromancy
 + Level 0.8 Translocations
 + Level 0.8 Transmutations
 + Level 0.8 Fire Magic
 + Level 0.8 Ice Magic
 + Level 0.8 Air Magic
 + Level 0.8 Earth Magic
 + Level 0.8 Poison Magic
 + Level 1.2 Invocations
 + Level 1.1 Evocations


You had 5 spell levels left.
You didn't know any spells.
Your spell library was empty.

Dungeon Overview and Level Annotations

Branches:
Dungeon (5/15)             Temple (0/1) D:4

Altars:

Shops:
D:1 =

Annotations:
D:5 Grinder


Innate Abilities, Weirdness & Mutations

You have very sharp teeth.
Your uncanny sense of smell can sniff out nearby items.
Your experience applies equally to all skills.


Message History

The kobold hits you with a +0 short sword.
You slash the kobold!
You kill the kobold!
The bat misses you.
You riposte.
You hit the bat. You bite the bat, but do no damage.
The bat is heavily wounded.
The hobgoblin hits you with a +0 club. The bat misses you.
The hobgoblin hits you with a +0 club.
There are monsters nearby!
Unknown command.
You are too injured to fight recklessly!
You are too injured to fight recklessly!
You are too injured to fight recklessly!
There are monsters nearby!
Unknown command.
You closely miss the bat.
The bat is heavily wounded.
The bat hits you. The hobgoblin hits you with a +0 club.
The bat barely misses you.
You hit the bat but do no damage.
The bat is heavily wounded.
The bat misses you. The hobgoblin closely misses you.
The bat closely misses you.
You riposte.
You miss the bat. Your bite misses the bat.
The bat is heavily wounded.
The hobgoblin closely misses you.
You hit the hobgoblin.
You kill the hobgoblin!
The bat closely misses you.
Unknown command.
Unknown command.
The bat misses you.
You riposte.
You barely miss the bat.
The bat is heavily wounded.
You see here a +0 short sword.
You slash the bat!
You kill the bat!
There is an entrance to Koulual's Jewellery Shop here.
Unknown command.
Unknown command.
Are you sure you want to abandon this character and quit the game? (Confirm with "yes".)

#..........#.# #........
#..........#.# #...(....
#..........#.######........
####.#####.............####
#.# #.............# #
#.#####.............# #
..........###.......####
........................
.......@)...........#...
........)......^....##..
........................
....................###.
##################### #.
###. ##... #.... #.....


There were no monsters in sight!

Vanquished Creatures
  A bullfrog skeleton (D:4)
  An adder (D:2)
  A worm (D:2)
  2 dart slugs (D:2)
  A leopard gecko (D:2)
  A giant cockroach (D:2)
  3 goblins
  2 hobgoblins (D:1)
  4 jackals
  2 quokkas
  5 bats
  2 frilled lizards (D:1)
  3 kobolds
  5 rats
33 creatures vanquished.

Notes
Turn   | Place    | Note
-------+----------+-------------------------------------------
     0 | D:5      | Reached skill level 9 in Stealth
     0 | D:5      | Riddle the Gnoll Delver began the quest for the Orb.
     0 | D:5      | Reached XP level 1. HP: 23/23 MP: 1/1
    11 | D:5      | Noticed Grinder
   187 | D:4      | Noticed an orc wizard
   188 | D:4      | Found a staircase to the Ecumenical Temple.
   282 | D:4      | Reached XP level 2. HP: 9/29 MP: 2/2
   282 | D:4      | Reached XP level 3. HP: 11/35 MP: 3/3
   514 | D:3      | Noticed a sky beast
   728 | D:2      | Reached skill level 1 in Invocations
   742 | D:2      | Reached skill level 1 in Short Blades
   742 | D:2      | Reached skill level 1 in Long Blades
   742 | D:2      | Reached skill level 1 in Axes
   742 | D:2      | Reached skill level 1 in Maces & Flails
   742 | D:2      | Reached skill level 1 in Staves
   742 | D:2      | Reached skill level 1 in Slings
   742 | D:2      | Reached skill level 1 in Bows
   742 | D:2      | Reached skill level 1 in Crossbows
   742 | D:2      | Reached skill level 1 in Throwing
   742 | D:2      | Reached skill level 1 in Armour
   742 | D:2      | Reached skill level 1 in Shields
   742 | D:2      | Reached skill level 1 in Unarmed Combat
   742 | D:2      | Reached skill level 1 in Spellcasting
   742 | D:2      | Reached skill level 1 in Evocations
   750 | D:2      | Found a faded altar of an unknown god.
   755 | D:2      | Reached XP level 4. HP: 31/41 MP: 5/5
  1317 | D:1      | Found Koulual's Jewellery Shop.
  1333 | D:1      | Quit the game

Illustrated notes

Levels and vault maps discovered:
D:1:      saegor_arrival_simple_e, layout_basic, serial_shops, shop,
          chequers_serial_rivers_micro_e
D:2:      layout_rooms, tso_altar, chequers_ecumenical_altar_simple_redux,
          grunt_gozag_breadcrumbs, uniq_crazy_yiuf_cottage
D:3:      layout_basic, uniq_ijyb
D:4:      cheibrodos_barr_body, layout_loops_cross,
          minmay_temple_entry_drinking_statues, serial_shops, shop,
          kennysheep_small_square
D:5:      layout_layer_cave, amcnicky_mini_pool_small,
          hangedman_decor_slide_cut, corexii_item_surrounded_by_moat,
          okawaru_trees_2, uniq_grinder, uniq_edmund

Skill      XL: |  1  2  3 |
---------------+----------+-----
Stealth        | |  9.6
Invocations    | 1 |  1.2
Short Blades   | 1 |  1.1
Long Blades    | 1 |  1.1
Axes           | 1 |  1.1
Maces & Flails | 1 |  1.1
Staves         | 1 |  1.1
Slings         | 1 |  1.1
Bows           | 1 |  1.1
Crossbows      | 1 |  1.1
Throwing       | 1 |  1.1
Armour         | 1 |  1.1
Shields        | 1 |  1.1
Unarmed Combat | 1 |  1.1
Spellcasting   | 1 |  1.1
Evocations     | 1 |  1.1
Fighting       | |  6.6
Polearms       | |  4.6
Dodging        | |  4.6
Conjurations   | |  0.8
Hexes          | |  0.8
Summonings     | |  0.8
Necromancy     | |  0.8
Translocations | |  0.8
Transmutations | |  0.8
Fire Magic     | |  0.8
Ice Magic      | |  0.8
Air Magic      | |  0.8
Earth Magic    | |  0.8
Poison Magic   | |  0.8

Action                   |  1- 3 |  4- 6 || total
-------------------------+-------+-------++-------
Melee: Spear             |    13 |       ||    13
       Bite              |     7 |     3 ||    10
       Great sword       |    28 |    35 ||    63
 Stab: Sleeping          |     2 |     6 ||     8
Armor: Leather armour    |    22 |     3 ||    25
Dodge: Dodged            |    50 |    50 ||   100
       Rpst.: Great sword |    13 |    18 ||    31

Table legend: (Time is in decaauts)
 A = Elapsed time spent in this place.
 B = Non-inter-level travel time spent in this place.
 C = Inter-level travel time spent in this place.
 D = Time resting spent in this place.
 E = Time spent auto-exploring this place.
 F = Levels seen in this place.
 G = Mean time per level.
                   A        B        C        D        E       F      G
               +--------+--------+--------+--------+--------+-----+--------+
         Total |   1371 |   1371 |      0 |    460 |    482 |   5 |  274.2 |
       Dungeon |   1371 |   1371 |      0 |    460 |    482 |   5 |  274.2 |
               +--------+--------+--------+--------+--------+-----+--------+

Top non-repeatable levels by time:
     D:1: 597 daAuts
     D:4: 477 daAuts
     D:2: 257 daAuts
     D:5: 20 daAuts
     D:3: 19 daAuts
